AoeStats
← anzunza2014

Four Lakes

507607263Analyzed
1v1 RM · 13d ago on Sep 19, 2026· 35m 0s· 2 players
Game mode
Random Map
Map size
Tiny (2 player)
Population
200
Speed
Normal
Resources
Standard
Victory
Conquest
Starting age
Dark Age
Ending age
Imperial Age
RankedLock teamsTeams togetherTeam positionsShared explorationLock speedFull tech treeHidden civsTurbo modeCheats
Victory
Defeat
🇺🇸 Huns · United States
942
+15
🇧🇴 Italians · Bolivia
921
-15
jp906991
9:43 Feudal Age
8:19 Loom
10:58 Double-Bit Axe
13:43 Town Watch
16:43 Castle Age
14:30 Fishing Lines
15:56 Wheelbarrow
18:24 Gillnets
19:38 Hand Cart
19:12 Demolition Ship
20:14 Medium Warships
20:54 Town Patrol
21:22 Bow Saw
23:41 Scale Barding Armor
23:47 Forging
23:28 Fletching
24:35 Bloodlines
24:26 Husbandry
26:05 Iron Casting
27:54 Padded Archer Armor
27:50 Bodkin Arrow
27:43 Elite Skirmisher
32:18 Leather Archer Armor
32:24 Chain Barding Armor
anzunza2014
4:56 Loom
12:09 Feudal Age
12:44 Double-Bit Axe
15:01 Fishing Lines
17:57 Castle Age
16:24 Horse Collar
16:37 Fletching
17:23 Padded Archer Armor
18:50 Bodkin Arrow
19:11 Bow Saw
22:17 Leather Archer Armor
23:16 Wheelbarrow
22:42 Town Watch
22:50 Gold Mining
25:44 Bloodlines
25:35 Husbandry
26:36 Ballistics
27:00 Elite Skirmisher
32:14 Imperial Age
30:43 Forging
30:39 Scale Barding Armor
30:00 Light Cavalry
30:53 Heavy Plow
33:19 Conscription
33:30 Pikeman
35:03 Bracer
36:05 Chemistry
Connection lost

Rejoining the realm…

Still unreachable

The connection could not be restored.

Session expired

The server has moved on; the page needs a fresh start.